 Dungeon Crawl Stone Soup version 0.30-a0-1043-g60ff8d5f49 (webtiles) character file.

Game seed: 8662239781943982531

161 DeathPants the Stinger (level 5, 0/42 HPs)
             Began as a Naga Venom Mage on Apr 10, 2023.
             Slain by a white imp (2 damage)
             ... on level 3 of the Dungeon.
             The game lasted 00:11:45 (3447 turns).

DeathPants the Stinger (Naga Venom Mage)            Turns: 3447, Time: 00:11:45

Health: 0/42       AC:  2    Str: 11    XL:     5   Next: 42%
Magic:  0/8        EV:  9    Int: 17    God:
Gold:   167        SH:  0    Dex: 11    Spells: 2/8 levels left

rFire   + . .      SeeInvis +    i - +0 war axe
rCold   . . .      Faith    .    (no shield)
rNeg    . . .      Spirit   .    a - +0 robe
rPois   +          Reflect  .    (no helmet)
rElec   .          Rampage  .    (no cloak)
rCorr   .                        (no gloves)
Will    .....                    (no barding)
Stlth   ++                       (no amulet)
HPRegen 0.27/turn                j - ring of protection from fire
MPRegen 0.11/turn                (no ring)

@: very slow
A: AC +1, large, see invisible, deformed body, poison resistance, slowness 2,
spit poison 1, naga tail 1
a: Spit Poison


You were on level 3 of the Dungeon.
You visited 1 branch of the dungeon, and saw 4 of its levels.

You collected 167 gold pieces.

Inventory:

Hand Weapons
 e - a +0 hand axe
 h - a +0 flail
 i - a +0 war axe (weapon)
Missiles
 c - 7 poisoned darts
 k - a throwing net
Armour
 a - a +0 robe (worn)
Jewellery
 j - a ring of protection from fire (left hand)
Potions
 b - a potion of magic
 d - a potion of brilliance
 f - a potion of curing
 g - 3 potions of lignification
 l - a potion of cancellation {unknown}


   Skills:
 - Level 1.5 Dodging
 - Level 3.0 Stealth
 - Level 2.1 Spellcasting
 - Level 1.0 Transmutations
 + Level 3.4 Air Magic
 - Level 6.0 Poison Magic


You had 2 spell levels left.
You knew the following spells:

 Your Spells              Type           Power      Damage    Failure   Level
a - Sting                 Tmut/Pois      52%        1d5       4%          1
b - Poisonous Vapours     Pois/Air       34%        N/A       4%          2
c - Mephitic Cloud        Conj/Pois/Air  12%        N/A       16%         3

Your spell library contained the following spells:

 Spells                   Type           Power      Damage    Failure   Level
 Kiss of Death            Conj/Necr      4%         2d5       19%         1
 Lesser Beckoning         Tloc           2%         N/A       28%         2
 Olgreb's Toxic Radiance  Pois           22%        N/A       16%         4
 Confusing Touch          Hex            1%         N/A       50%         3
 Gell's Gravitas          Tloc           1%         N/A       50%         3
 Teleport Other           Tloc           1%         N/A       50%         3
 Dispel Undead            Necr           1%         3d6       88%         4
 Summon Ice Beast         Ice/Summ       1%         N/A       88%         4
 Summon Mana Viper        Hex/Summ       1%         N/A       99%         5
 Monstrous Menagerie      Summ           0%         N/A       100%        7


Dungeon Overview and Level Annotations

Branches:
Dungeon (4/15)
 Temple: D:4-7

Altars:
Cheibriados


Innate Abilities, Weirdness & Mutations

Your serpentine skin is tough. (AC +1)
You have supernaturally acute eyesight. (SInv)
Armour fits poorly on your strangely shaped body.
Your system is resistant to poisons. (rPois)
You cover ground very slowly.
You can spit poison.
You have a snake-like lower body.


Message History

The orc is engulfed in noxious fumes.
The orc appears confused.
You completely miss the orc.
The orc is heavily wounded.
You kill the orc!
The white imp gestures at you. The puff of frost hits you.
The white imp gestures at you. The puff of frost hits you!
You barely miss the white imp. The white imp gestures at you.
The puff of frost hits you!
* * * LOW HITPOINT WARNING * * *
You hit the white imp.
The white imp is heavily wounded.
The white imp hits you but does no damage.
The white imp barely misses you. The white imp gestures at you.
The puff of frost hits you.
* * * LOW HITPOINT WARNING * * *
Your magical contamination has completely faded away.
You climb upwards.
There is a stone staircase leading down here.
Aiming: Sting (safe; 4% risk of failure)
Press: ? - help, Q - select action, (/) - cycle Shift-Dir - straight line, f - white imp
Aim: a white imp (heavily wounded, 71% to hit)
The sting hits the white imp.
The white imp is poisoned.
The white imp is heavily wounded.
The white imp hits you.
* * * LOW HITPOINT WARNING * * *
The white imp freezes you.
* * * LOW HITPOINT WARNING * * *
Aiming: Sting (safe; 4% risk of failure)
Press: ? - help, Q - select action, (/) - cycle Shift-Dir - straight line, f/p - white imp
Aim: a white imp (heavily wounded, poisoned, 71% to hit)
The sting hits the white imp.
The white imp partially resists.
The white imp is severely wounded.
The white imp hits you.
* * * LOW HITPOINT WARNING * * *
The white imp freezes you.
You die...

###...............#.#.###########
....#.##........#.#..............
###.#.##..........#.#.###########
.##.#.##.##...#######............
.##.#.##.###..........###########
.##.#.##.###..####...##
......#....#.......#.#
..#........#.....#.#.##
..####.....#....@.....###### ..#
#.###.####5.#.........# ..# #.#
#.# #....#######.#### .#####.#
#.####.#.............# .#.....#
#................###.# .#.#####
######.#############.# .#.#
#...............# ##.#
################# #.#


You could see a white imp (poisoned).

Vanquished Creatures
  An orc wizard (D:3)
  4 gnolls
  2 adders (D:2)
  3 worms (D:2)
  A dart slug (D:3)
  6 orcs
  3 ball pythons
  3 bats
  4 endoplasms
  2 giant cockroaches (D:3)
  6 hobgoblins
  6 jackals
  2 kobolds (D:3)
  2 quokkas
  4 frilled lizards
  4 goblins
  6 rats
59 creatures vanquished.

Vanquished Creatures (others)
  3 demonic plants (D:4)
3 creatures vanquished.

Grand Total: 62 creatures vanquished

Notes
Turn   | Place    | Note
-------+----------+-------------------------------------------
     0 | D:1      | DeathPants the Naga Venom Mage began the quest for the Orb.
     0 | D:1      | Reached XP level 1. HP: 15/15 MP: 3/3
   250 | D:1      | Reached XP level 2. HP: 22/22 MP: 5/5
   490 | D:1      | Found a faded altar of an unknown god.
   498 | D:1      | Reached skill level 5 in Poison Magic
  1093 | D:2      | Reached XP level 3. HP: 9/28 MP: 3/6
  1276 | D:2      | Reached skill level 6 in Poison Magic
  1285 | D:2      | Learned a level 2 spell: Poisonous Vapours
  1289 | D:2      | Learned a level 3 spell: Mephitic Cloud
  1563 | D:2      | Reached skill level 1 in Air Magic
  1563 | D:2      | Reached XP level 4. HP: 36/36 MP: 3/7
  2420 | D:2      | Reached XP level 5. HP: 11/42 MP: 4/8
  3013 | D:4      | Found a snail-covered altar of Cheibriados.
  3447 | D:3      | HP: 2/42 [white imp (2)]
  3447 | D:3      | Slain by a white imp

Illustrated notes

Levels and vault maps discovered:
D:1:      doesnt_arrival_eight_statues, layout_loops_ring,
          shapermc_ecumenical_altar_notcrosses
D:2:      layout_basic
D:3:      layout_basic, fountainhead, grunt_ministairs_14
D:4:      cheibrodos_pilgrimage, layout_loops_corners, cheibriados_altar_1,
          grunt_qazlal_clouds, serial_demonic, serial_demonic_e,
          serial_demonic_g, serial_demonic_b, serial_demonic_b

Skill      XL: |  1  2  3  4  5 |
---------------+----------------+-----
Poison Magic   | 5 6 |  6.0
Air Magic      | 1 2 3 |  3.4
Dodging        | |  1.5
Stealth        | |  3.0
Spellcasting   | |  2.1
Transmutations | |  1.0

Action                     |  1- 3 |  4- 6 || total
---------------------------+-------+-------++-------
  Melee: Hand axe          |    59 |    22 ||    81
         Punch             |       |     1 ||     1
         War axe           |       |    21 ||    21
         Flail             |       |     5 ||     5
  Throw: Dart              |    17 |    16 ||    33
         Throwing net      |       |     1 ||     1
   Cast: Sting             |    37 |    28 ||    65
         Mephitic Cloud    |       |     1 ||     1
Ability: Spit Poison       |     1 |       ||     1
    Use: Scroll            |     3 |     5 ||     8
   Stab: Sleeping          |       |     2 ||     2
 Armour: Robe              |    16 |    10 ||    26
  Dodge: Dodged            |    50 |    38 ||    88

Table legend: (Time is in decaauts)
 A = Elapsed time spent in this place.
 B = Non-inter-level travel time spent in this place.
 C = Inter-level travel time spent in this place.
 D = Time resting spent in this place.
 E = Time spent auto-exploring this place.
 F = Levels seen in this place.
 G = Mean time per level.
                   A        B        C        D        E       F      G
               +--------+--------+--------+--------+--------+-----+--------+
         Total |   4202 |   4092 |    110 |    731 |   2419 |   4 | 1050.5 |
       Dungeon |   4202 |   4092 |    110 |    731 |   2419 |   4 | 1050.5 |
               +--------+--------+--------+--------+--------+-----+--------+

Top non-repeatable levels by time:
     D:2: 1450 daAuts
     D:3: 1408 daAuts
     D:1: 1319 daAuts
     D:4: 24 daAuts
